Map: Terrasses de Prion

Players

Suddenly - Winner!

  • Race: Zerg Zerg
  • League: Silver
  • Spawn Location: 11:00

zidar

  • Race: Zerg Zerg
  • League: Silver
  • Spawn Location: 5:00

VOD

Have the link to the VOD?

Description

Time

  • Played on: May 1, 2016, 4:15 a.m.
  • Length: 25:02
Show
View Real Time Build Order
Export as new Build Order

Suddenly Zerg - Winner!

Build Orders: 1 Base Baneling Bust, Pool First 

Get SALT Encoding   

  12  0:19  Spawning Pool  
  11  0:23  Drone  
  12  0:30  Overlord  
  12  0:35  Drone  
  13  1:05  Zergling x6  
  13  1:09  Queen  
  18  1:17  Zergling x2  
  19  1:27  Drone  
  20  1:38  Drone  
  21  1:48  Extractor  
  21  1:49  Drone  
  20  2:07  Spine Crawler  
  16  2:15  Zergling x4  
  18  2:17  Drone  
  18  2:19  Zergling x4  
  21  2:29  Zergling x2  
  19  2:37  Queen  
  19  2:42  Zergling x2  
  22  2:48  Overlord  
  22  3:03  Extractor  
  21  3:05  Metabolic Boost  
  21  3:10  Drone x3  
  24  3:26  Spine Crawler  
  23  3:31  Drone  
  23  3:32  Roach Warren, Drone  
  24  3:39  Drone  
  25  3:41  Queen  
  27  4:05  Drone x3  
  30  4:21  Overlord x2  
  30  4:39  Roach  
  30  4:41  Roach x2  
  36  4:45  Lair  
  36  5:00  Baneling Nest, Drone x3  
  38  5:08  Spine Crawler  
  37  5:16  Roach x2  
  41  5:40  Ravager x2  
  43  5:46  Baneling  
  43  5:47  Baneling  
  43  5:48  Baneling  
  43  5:49  Baneling  
  43  5:51  Roach  
  43  5:52  Overlord x2  
  41  6:27  Spire  
  41  6:28  Drone x3  
  41  6:29  Hatchery  
  41  6:30  Spore Crawler  
  41  6:37  Roach x2  
  45  6:49  Roach x2  
  49  7:02  Roach x3  
  55  7:16  Overseer  
  53  7:49  Corruptor x4  
  60  7:56  Corruptor  
  54  8:14  Roach  
  54  8:15  Roach x2  
  54  8:32  Drone  
  55  8:50  Drone  
  56  9:12  Drone  
  57  9:21  Drone  
  58  9:31  Drone  
  59  9:53  Overlord  
  59  10:14  Drone x2  
  59  10:15  Drone x3  
  64  10:28  Drone x3  
  67  10:45  Overlord  
  67  11:03  Queen  
  69  11:04  Drone x2  
  69  11:05  Drone x4  
  69  11:07  Overlord  
  75  11:32  Drone  
  76  11:33  Drone  
  77  11:40  Overlord  
  77  11:52  Drone x4  
  81  11:57  Extractor  
  81  11:58  Extractor  
  79  12:07  Hydralisk Den  
  79  12:08  Drone x2  
  79  12:10  Glial Reconstitution  
  79  12:11  Evolution Chamber  
  79  12:18  Drone x4  
  79  12:21  Zerg Flyer Weapons Level 1  
  83  12:24  Roach  
  83  12:25  Roach x3  
  83  12:28  Overlord x2  
  91  12:36  Spore Crawler, Lurker Den  
  90  12:42  Drone  
  90  12:43  Overlord  
  90  12:44  Overlord  
  91  13:00  Zerg Missile Weapons Level 1  
  91  13:13  Drone x5  
  91  13:15  Roach x4  
  91  13:16  Roach  
  106  13:47  Overseer  
  106  13:51  Hatchery  
  106  13:54  Hydralisk x3  
  106  13:55  Hydralisk x4  
  119  14:27  Hydralisk x2  
  119  14:30  Overlord x2  
  123  15:00  Zerg Missile Weapons Level 2  
  123  15:04  Lurker x4  
  123  15:05  Lurker x3  
  95  15:34  Roach x9  
  95  15:35  Roach x4  
  99  15:37  Drone  
  100  15:46  Lurker  
  101  15:53  Roach x4  
  109  16:02  Hydralisk  
  109  16:03  Hydralisk  
  113  16:09  Queen  
  115  16:16  Ravager  
  115  16:17  Ravager  
  117  16:24  Ravager  
  117  16:25  Drone x2  
  120  16:29  Extractor  
  85  17:00  Roach x2  
  85  17:01  Roach x9  
  105  17:05  Overseer x2  
  105  17:38  Hydralisk x4  
  105  17:39  Hydralisk  
  115  17:54  Extractor  
  114  18:10  Hatchery  
  113  18:24  Roach  
  113  18:25  Roach x5  
  113  18:26  Hydralisk x2  
  129  18:39  Overseer x2  
  131  18:41  Roach  
  131  18:42  Roach x3  
  137  19:22  Hydralisk  
  137  19:23  Hydralisk x2  
  143  19:25  Overlord x2  
  143  19:43  Queen  
  143  19:45  Drone x3  
  148  19:46  Queen  
  148  19:50  Zerg Flyer Weapons Level 2  
  150  19:57  Extractor x2  
  148  20:00  Drone  
  148  20:03  Hydralisk  
  148  20:04  Hydralisk x2  
  155  20:09  Lurker  
  155  20:10  Lurker x3  
  155  20:12  Lurker  
  160  20:19  Overlord x2  
  160  20:37  Queen  
  162  20:44  Mutalisk  
  162  20:45  Roach  
  162  20:46  Roach x5  
  176  21:08  Overlord x3  
  176  21:11  Pneumatized Carapace  
  176  21:13  Burrow  
  163  21:53  Hydralisk  
  163  21:54  Hydralisk x9  
  165  22:00  Hydralisk  
  185  22:01  Roach  
  186  22:37  Roach  
  186  22:38  Roach x3  
  131  23:55  Roach  
  119  23:56  Roach x18  
  147  24:09  Hydralisk x6  
  147  24:14  Roach x25  
  147  24:24  Hatchery  
  148  25:01  Lurker  
Show
View Real Time Build Order
Export as new Build Order

zidar Zerg 

Build Orders: Pool First, Lurkers 

Get SALT Encoding   

  12  0:01  Drone  
  13  0:23  Spawning Pool  
  13  0:26  Drone  
  13  0:36  Extractor  
  13  0:38  Drone  
  13  0:40  Overlord  
  13  1:09  Queen  
  13  1:11  Zergling x4  
  16  1:12  Zergling x2  
  18  1:28  Zergling x2  
  19  1:37  Zergling x2  
  20  1:44  Overlord  
  18  2:17  Zergling x6  
  18  2:20  Zergling x4  
  18  2:21  Zergling x2  
  22  3:01  Zergling x6  
  25  3:30  Metabolic Boost  
  25  3:41  Hatchery  
  24  3:51  Roach Warren  
  24  3:52  Lair  
  23  3:56  Drone x4  
  27  4:28  Extractor  
  27  4:29  Drone  
  27  4:30  Drone x3  
  30  4:47  Overlord x3  
  30  5:03  Queen  
  31  5:31  Spire  
  30  5:52  Drone x3  
  30  5:53  Extractor  
  30  5:54  Extractor  
  31  6:00  Drone x4  
  26  6:42  Mutalisk x6  
  26  6:46  Mutalisk  
  40  6:57  Drone x3  
  43  7:17  Mutalisk x3  
  41  8:10  Mutalisk x5  
  41  8:12  Zergling x18  
  50  8:57  Drone x6  
  56  9:21  Roach x2  
  60  9:25  Overlord x3  
  60  9:43  Roach x6  
  60  9:44  Hatchery  
  71  9:54  Hatchery  
  70  10:03  Evolution Chamber  
  70  10:04  Evolution Chamber, Drone x6  
  74  10:22  Roach  
  74  10:24  Roach x4  
  84  10:28  Overlord  
  84  10:51  Zerg Missile Weapons Level 1  
  84  10:52  Zerg Ground Armor Level 1  
  84  10:59  Drone x11  
  95  11:06  Queen  
  97  11:38  Roach x3  
  103  11:45  Hydralisk Den  
  102  11:48  Overlord x4  
  102  12:05  Extractor  
  102  12:07  Extractor  
  100  12:15  Lurker Den  
  100  12:19  Hydralisk x5  
  100  12:20  Hydralisk x9  
  128  12:47  Hydralisk x4  
  128  12:50  Overlord  
  128  12:51  Overlord x4  
  136  13:20  Zerg Missile Weapons Level 2  
  136  13:21  Zerg Ground Armor Level 2  
  136  13:28  Infestation Pit  
  135  13:41  Roach  
  137  13:42  Roach  
  137  13:44  Roach  
  137  13:45  Roach x9  
  159  14:17  Extractor, Lurker x8  
  159  14:18  Extractor  
  164  15:00  Roach x5  
  164  15:03  Overlord  
  164  15:04  Overlord x10  
  133  15:40  Overseer  
  133  15:55  Hydralisk x8  
  151  15:57  Roach x6  
  161  16:07  Pneumatized Carapace  
  161  16:32  Drone  
  162  16:33  Drone x12  
  60  17:05  Hydralisk x7  
  60  17:06  Hydralisk  
  76  17:13  Drone x3  
  76  17:14  Drone  
  80  17:39  Lurker x3  
  80  17:40  Lurker x3  
  86  17:58  Roach x9, Hatchery  
  95  17:59  Roach x2  
  107  18:14  Hydralisk x5  
  107  18:15  Hydralisk  
  119  18:20  Lurker x2  
  121  18:40  Hive  
  121  18:54  Overseer x3  
  121  19:19  Roach x3  
  127  19:24  Roach x2, Extractor  
  127  19:25  Roach x14  
  127  19:26  Extractor, Hydralisk x5  
  167  19:39  Roach  
  167  19:40  Roach x2  
  167  19:41  Roach x4  
  181  20:43  Hydralisk x2  
  181  20:44  Hydralisk x7  
  199  20:50  Zerg Missile Weapons Level 3, Zerg Ground Armor Level 3  
  199  21:16  Ultralisk Cavern  
  169  22:38  Hydralisk x11  
  169  22:40  Hydralisk x4  
  199  22:45  Lurker  
  63  24:00  Roach x8  
  63  24:01  Roach x15, Hydralisk x12  
Tags
 
Add a new tag
Caveats
  • Supply blocks, unpowered buildings, or Contaminate may cause inaccurate times.
  • Supply counts are checked every 10 seconds.